 Dungeon Crawl Stone Soup version 0.29-a0-25-g7f48f510a0 (webtiles) character file.

Game seed: 11396659874175977390

297 timneilson the Covered (level 6, -3/38 HPs)
             Began as a Gargoyle Fighter on Feb 1, 2022.
             Slain by an ogre (12 damage)
             ... on level 4 of the Dungeon.
             The game lasted 00:05:01 (3755 turns).

timneilson the Covered (Gargoyle Fighter)           Turns: 3755, Time: 00:05:02

Health: -3/38      AC: 14    Str: 22    XL:     6   Next: 35%
Magic:  6/6        EV:  8    Int:  8    God:
Gold:   616        SH:  4    Dex:  9    Spells: 5/5 levels left

rFire   . . .      SeeInvis .   a - +0 long sword
rCold   . . .      Faith    .   c - +0 buckler
rNeg    + . .      Spirit   .   i - +0 chain mail
rPois   ∞          Reflect  .   (no helmet)
rElec   +          Harm     .   (no cloak)
rCorr   .          Rampage  .   (no gloves)
Will    .....                   (no boots)
Stlth   ..........              (no amulet)
HPRegen 0.12/turn               (no ring)
MPRegen 0.10/turn               (no ring)

@: no status effects
A: sickness immunity, AC +4, negative energy resistance 1, electricity
resistance, torment resistance 1, petrification resistance
a: no special abilities


You were on level 4 of the Dungeon.
You visited 1 branch of the dungeon, and saw 4 of its levels.

You collected 616 gold pieces.

Inventory:

Hand Weapons
 a - a +0 long sword (weapon)
Armour
 c - a +0 buckler (worn)
 f - a +0 plate armour
 i - a +0 chain mail (worn)
Scrolls
 b - a scroll of summoning {unknown}
 g - a scroll of identify
 j - a scroll of amnesia
 k - 3 scrolls of vulnerability
 m - a scroll of teleportation {unknown}
Potions
 d - 2 potions of might
 e - 2 potions of ambrosia
 h - a potion of heal wounds
 l - a potion of magic {unknown}


   Skills:
 + Level 4.1 Fighting
 * Level 3.3 Long Blades
 * Level 4.7 Armour
 + Level 1.4 Dodging
 * Level 4.6 Shields


You had 5 spell levels left.
You didn't know any spells.
Your spell library was empty.

Dungeon Overview and Level Annotations

Branches:
Dungeon (4/15)
 Temple: D:4-7

Altars:
Fedhas
Kikubaaqudgha
Qazlal
Ru
Xom


Innate Abilities, Weirdness & Mutations

You are immune to sickness and miasma.
Your stone body is resilient. (AC +4)
You are immune to poison.
You resist negative energy. (rN+)
You are resistant to electric shocks. (rElec)
You are resistant to unholy torment.
You are immune to petrification.


Message History

You start removing your armour.
You continue taking off your +0 scale mail. x4
You finish taking off your +0 scale mail.
You start putting on your armour.
You continue putting on your +0 chain mail. x5
You finish putting on your +0 chain mail.
You drop a +0 scale mail.
Found a scroll labelled LININW OPHERYO.
e - 2 potions of ambrosia (gained 1)
b - a scroll labelled WAREPUESIE
k - 3 scrolls of vulnerability (gained 1)
Found a stone staircase leading down.
m - a scroll labelled LININW OPHERYO
There is a stone staircase leading down here.
A goblin and an ogre come into view.
Found a leather armour and 12 gold pieces.
The goblin shouts!
The ogre shouts!
You hit the goblin but do no damage. The goblin barely misses you.
You closely miss the goblin. The goblin barely misses you. x2
You barely miss the goblin. You block the goblin's attack.
You barely miss the goblin. The goblin hits you but does no damage.
You completely miss the goblin. The goblin barely misses you. x2
You barely miss the goblin. The goblin closely misses you.
You hit the goblin.
The goblin is heavily wounded.
The goblin barely misses you.
You slash the goblin!
You kill the goblin!
You hit the ogre but do no damage.
The ogre hits you with a +0 giant spiked club!!
You hit the ogre but do no damage.
The ogre hits you with a +0 giant spiked club!
* * * LOW HITPOINT WARNING * * *
You slash the ogre!
The ogre is moderately wounded.
The ogre closely misses you.
You barely miss the ogre.
The ogre is moderately wounded.
The ogre hits you with a +0 giant spiked club!
You die...

#..........##..#
#...##########.##
#### ....... #..#
....... #..#
.....g$ ##>#
....... #.#
[...... #.#
.......###.#
.......O@..#
############


You could see an ogre.

Vanquished Creatures
  A centaur skeleton (D:4)
  2 orc priests
  An iguana (D:4)
  4 gnolls (D:2)
  7 adders
  A worm (D:2)
  A dart slug (D:1)
  8 orcs
  7 endoplasms
  A giant cockroach (D:1)
  6 goblins
  5 hobgoblins
  2 jackals (D:1)
  2 quokkas
  8 ball pythons
  6 bats
  6 frilled lizards
  5 kobolds
  3 rats
76 creatures vanquished.

Notes
Turn   | Place    | Note
-------+----------+-------------------------------------------
     0 | D:1      | timneilson the Gargoyle Fighter began the quest for the
                  | Orb.
     0 | D:1      | Reached XP level 1. HP: 14/14 MP: 1/1
   396 | D:1      | Reached XP level 2. HP: 19/19 MP: 2/2
   455 | D:1      | Found a faded altar of an unknown god.
   726 | D:1      | Reached XP level 3. HP: 23/23 MP: 3/3
  1204 | D:2      | Reached XP level 4. HP: 7/28 MP: 4/4
  2353 | D:3      | Reached XP level 5. HP: 33/33 MP: 5/5
  2363 | D:3      | Found a blossoming altar of Fedhas.
  2372 | D:3      | Reached skill level 1 in Dodging
  2522 | D:3      | Found a sacrificial altar of Ru.
  2886 | D:3      | Found an ancient bone altar of Kikubaaqudgha.
  2886 | D:3      | Found a shimmering altar of Xom.
  2935 | D:3      | Identified a scroll of acquirement
  2935 | D:3      | Acquired 416 gold pieces
  3253 | D:4      | Reached XP level 6. HP: 31/38 MP: 6/6
  3650 | D:4      | Found a stormy altar of Qazlal.
  3755 | D:4      | Slain by an ogre

Illustrated notes

Levels and vault maps discovered:
D:1:      lightli_arrival_flooded_house, layout_loops_ring,
          hellmonk_ecumenical_altar_pennies_from_heaven
D:2:      layout_loops_ring
D:3:      layout_rooms, fedhas_altar_3, nicolae_ru_sacrificial_ziggurat,
          gammafunk_temple_overflow_wave
D:4:      layout_basic, nicolae_qazlal_general_emergency,
          ebering_ghost_disaster_area

Skill      XL: |  1  2  3  4  5 |
---------------+----------------+-----
Long Blades    | 2 3 |  3.3
Armour         | 4 |  4.7
Shields        | 4 |  4.6
Dodging        | 1 |  1.4
Fighting       | 4 |  4.1

Action                   |  1- 3 |  4- 6 || total
-------------------------+-------+-------++-------
Melee: Long sword        |   104 |   211 ||   315
  Use: Scroll            |     2 |     6 ||     8
Armor: Scale mail        |    51 |    91 ||   142
       Chain mail        |       |     1 ||     1
Dodge: Dodged            |    48 |    99 ||   147
Block: Buckler           |    27 |    43 ||    70

Table legend: (Time is in decaauts)
 A = Elapsed time spent in this place.
 B = Non-inter-level travel time spent in this place.
 C = Inter-level travel time spent in this place.
 D = Time resting spent in this place.
 E = Time spent auto-exploring this place.
 F = Levels seen in this place.
 G = Mean time per level.
                   A        B        C        D        E       F      G
               +--------+--------+--------+--------+--------+-----+--------+
         Total |   3857 |   3807 |     50 |    614 |   2370 |   4 |  964.2 |
       Dungeon |   3857 |   3807 |     50 |    614 |   2370 |   4 |  964.2 |
               +--------+--------+--------+--------+--------+-----+--------+

Top non-repeatable levels by time:
     D:2: 1271 daAuts
     D:1: 1114 daAuts
     D:3: 1103 daAuts
     D:4: 368 daAuts
